Map: Psionic Temple

Players

Tesla

  • Race: Protoss Protoss

TRaFFiC - Winner!

  • Race: Zerg Zerg
  • League: Diamond

VOD

Have the link to the VOD?

Description

Time

  • Played on: Sept. 6, 2016, 11:49 a.m.
  • Length: 16:50
Show
View Real Time Build Order
Export as new Build Order

Tesla Protoss 

Build Orders:  

Get SALT Encoding   

  12  0:01  Probe (Chrono Boost)  
  13  0:11  Probe (Chrono Boost)  
  14  0:21  Pylon  
  14  0:22  Probe (Chrono Boost)  
  15  0:39  Probe (Chrono Boost)  
  15  0:40  Gateway  
  16  0:44  Assimilator  
  17  0:50  Probe (Chrono Boost)  
  17  1:00  Probe (Chrono Boost)  
  18  1:04  Pylon  
  18  1:11  Probe (Chrono Boost)  
  19  1:21  Probe (Chrono Boost)  
  20  1:29  Cybernetics Core  
  20  1:33  Pylon  
  20  1:35  Probe (Chrono Boost)  
  21  1:46  Probe (Chrono Boost)  
  22  1:56  Probe (Chrono Boost)  
  22  1:59  Nexus  
  23  2:04  Adept  
  23  2:08  Probe (Chrono Boost)  
  26  2:10  Warp Gate  
  26  2:20  Assimilator  
  28  2:31  Mothership Core (Chrono Boost)  
  28  2:33  Adept  
  30  2:51  Probe (Chrono Boost)  
  31  2:57  Adept  
  31  3:03  Probe (Chrono Boost)  
  34  3:06  Gateway  
  34  3:08  Gateway  
  34  3:10  Pylon  
  34  3:15  Probe x2 (Chrono Boost)  
  36  3:26  Probe (Chrono Boost)  
  38  3:27  Probe (Chrono Boost)  
  38  3:30  Pylon  
  38  3:36  Probe (Chrono Boost)  
  38  3:39  Twilight Council, Probe (Chrono Boost)  
  40  3:46  Adept  
  40  3:47  Probe (Chrono Boost)  
  41  3:51  Probe (Chrono Boost)  
  44  3:58  Probe (Chrono Boost)  
  44  4:02  Assimilator  
  46  4:03  Probe (Chrono Boost)  
  46  4:12  Probe (Chrono Boost)  
  46  4:13  Gateway  
  46  4:14  Forge  
  46  4:15  Probe (Chrono Boost)  
  48  4:18  Resonating Glaives  
  48  4:21  Stalker  
  50  4:27  Probe (Chrono Boost)  
  50  4:30  Assimilator  
  51  4:33  Sentry x2  
  56  4:39  Probe (Chrono Boost)  
  56  4:44  Stalker, Probe (Chrono Boost)  
  59  4:51  Robotics Facility  
  59  4:54  Pylon  
  59  4:55  Protoss Ground Weapons Level 1  
  59  4:57  Stalker  
  61  5:05  Probe (Chrono Boost)  
  61  5:09  Probe (Chrono Boost)  
  62  5:14  Stalker  
  62  5:16  Adept  
  62  5:17  Probe (Chrono Boost)  
  62  5:20  Adept  
  62  5:21  Probe (Chrono Boost)  
  70  5:27  Stalker  
  72  5:33  Pylon  
  72  5:38  Adept x2, Pylon  
  72  5:41  Stalker  
  78  5:48  Observer  
  78  5:50  Pylon  
  78  5:55  Adept  
  81  6:01  Stalker  
  83  6:04  Warp Prism  
  83  6:07  Adept x2  
  89  6:12  Blink  
  89  6:17  Adept  
  91  6:34  Adept x3  
  91  6:35  Protoss Ground Armor Level 1  
  97  6:46  Gateway  
  97  6:47  Gateway  
  97  6:48  Pylon  
  97  6:53  Adept  
  99  6:54  Adept  
  99  7:01  Pylon  
  101  7:02  Observer, Pylon  
  102  7:09  Pylon  
  102  7:10  Adept x2  
  102  7:12  Pylon  
  106  7:18  Immortal  
  106  7:27  Adept x2  
  94  7:34  Stalker x2  
  88  7:48  Stalker x3  
  92  8:02  Stalker x3  
  72  8:34  Stalker x3  
  72  8:35  Stalker x3  
  72  8:39  Immortal  
  72  8:52  Protoss Ground Weapons Level 2  
  64  8:58  Adept x2  
  64  8:59  Adept x4  
  60  9:13  Warp Prism  
  56  9:25  Stalker  
  56  9:26  Stalker  
  56  9:32  Adept, Mothership Core (Chrono Boost)  
  56  9:36  Sentry x2  
  62  9:46  Immortal  
  66  9:53  Adept  
  66  9:55  Adept  
  70  10:06  Stalker  
  70  10:07  Stalker  
  74  10:16  Stalker x2  
  74  10:18  Adept  
  80  10:22  Sentry  
  80  10:26  Observer  
  82  10:33  Probe x2 (Chrono Boost)  
  85  10:43  Nexus  
  85  10:47  Probe (Chrono Boost)  
  85  10:49  Probe (Chrono Boost)  
  87  10:50  Protoss Ground Armor Level 2  
  87  10:58  Stalker  
  67  11:17  Stalker  
  67  11:18  Stalker x3  
  70  11:26  Stalker x2  
  70  11:31  Immortal  
  77  11:46  Stalker  
  79  11:49  Stalker  
  79  11:50  Stalker  
  83  11:55  Adept  
  83  11:57  Sentry  
  87  12:03  Stalker  
  89  12:11  Adept  
  91  12:19  Mothership Core (Chrono Boost)  
  93  12:30  Stalker x2  
  93  12:31  Sentry  
  99  12:46  Stalker  
  99  12:54  Adept x2  
  99  12:56  Adept  
  105  13:08  Adept  
  83  13:29  Adept x2  
  75  13:43  Stalker  
  73  13:52  Adept  
  67  13:59  Stalker  
  67  14:28  Nexus  
  67  14:35  Adept  
  71  14:45  Probe (Chrono Boost)  
  71  14:46  Probe (Chrono Boost)  
  71  14:59  Mothership Core (Chrono Boost)  
  73  15:05  Templar Archives  
  73  15:12  Sentry x4  
  81  15:23  Pylon  
  81  15:30  Stalker  
  83  15:46  Probe (Chrono Boost)  
  83  15:48  Assimilator  
  84  15:53  Assimilator  
  84  15:57  Pylon x2  
  84  16:01  High Templar x2  
  84  16:02  High Templar  
  90  16:05  High Templar  
  90  16:07  Archon  
  90  16:09  Archon  
  92  16:18  Stalker  
  82  16:20  Zealot  
Show
View Real Time Build Order
Export as new Build Order

TRaFFiC Zerg - Winner!

Build Orders: Hatch First 

Get SALT Encoding   

  12  0:01  Drone  
  13  0:13  Overlord  
  13  0:18  Drone  
  14  0:33  Drone x2  
  16  0:36  Drone  
  17  0:55  Hatchery  
  16  0:57  Drone  
  17  1:14  Extractor  
  17  1:15  Spawning Pool, Drone  
  16  1:19  Drone  
  16  1:22  Drone  
  18  1:36  Drone  
  19  1:44  Overlord  
  19  1:53  Drone  
  20  2:02  Queen  
  20  2:05  Zergling x2  
  20  2:07  Queen  
  25  2:09  Drone  
  25  2:13  Drone  
  27  2:19  Metabolic Boost  
  27  2:31  Drone x3  
  30  2:37  Drone  
  31  2:44  Zergling x4  
  31  2:51  Overlord  
  32  3:01  Hatchery, Overlord  
  32  3:02  Drone  
  32  3:07  Queen  
  32  3:12  Drone  
  35  3:19  Drone x3  
  38  3:20  Drone  
  38  3:21  Drone  
  40  3:28  Zergling x4  
  40  3:33  Drone x2  
  44  3:37  Overlord  
  44  3:47  Drone  
  45  3:57  Evolution Chamber  
  45  3:58  Drone x2  
  45  3:59  Roach Warren  
  45  4:04  Drone x3  
  45  4:05  Drone x2  
  45  4:09  Extractor  
  49  4:12  Extractor  
  49  4:13  Overlord  
  49  4:14  Overlord x2  
  48  4:25  Drone x7  
  55  4:35  Lair, Spore Crawler  
  54  4:41  Roach x2  
  54  4:42  Roach  
  54  4:43  Zergling x2  
  61  4:56  Roach, Zergling x12  
  61  4:59  Zerg Melee Weapons Level 1  
  69  5:16  Overlord  
  69  5:21  Drone x6  
  69  5:22  Drone  
  69  5:23  Baneling Nest  
  75  5:32  Drone  
  75  5:34  Overseer  
  76  5:42  Overlord x2  
  76  5:44  Drone x4  
  76  5:49  Ravager x2  
  82  5:51  Overlord x2  
  82  6:00  Extractor x2  
  82  6:03  Drone x8  
  88  6:09  Hatchery  
  87  6:18  Ravager x2  
  88  6:19  Roach x2  
  88  6:20  Roach, Zergling x6  
  88  6:25  Centrifical Hooks  
  97  6:30  Zergling x16  
  104  6:36  Baneling x7  
  104  6:37  Baneling  
  104  6:38  Zergling x2  
  104  6:39  Zergling x8  
  109  6:45  Overlord x2  
  109  6:47  Drone  
  109  6:50  Baneling  
  109  6:51  Roach, Baneling x5  
  112  6:57  Roach x2  
  116  7:07  Drone x2  
  116  7:08  Drone  
  119  7:10  Queen  
  119  7:14  Overlord x4  
  119  7:15  Overlord  
  119  7:27  Zergling x10  
  119  7:28  Roach, Zergling x4  
  102  7:42  Roach x3, Zergling x2  
  102  7:43  Zergling x18  
  109  7:46  Queen x3  
  109  7:49  Baneling  
  109  7:50  Baneling x11  
  112  7:51  Zergling x2  
  112  7:55  Zergling x4  
  105  7:59  Roach  
  105  8:01  Ravager  
  105  8:02  Ravager  
  105  8:05  Roach, Zergling x2  
  104  8:11  Zergling x2  
  91  8:16  Zergling x4  
  75  8:22  Drone  
  75  8:27  Zergling x4  
  68  8:35  Zergling x6  
  68  8:40  Zergling x2  
  65  8:46  Zergling x4  
  65  8:51  Ravager x2  
  65  8:52  Zergling x2  
  61  8:59  Zergling x4  
  61  9:01  Zerg Melee Weapons Level 2  
  57  9:06  Roach  
  57  9:07  Zergling x4  
  53  9:12  Glial Reconstitution  
  53  9:15  Roach  
  50  9:25  Roach, Zergling x2  
  50  9:26  Zergling x2  
  50  9:30  Ravager  
  55  9:35  Drone x2  
  57  9:46  Roach  
  57  9:47  Zergling x6  
  62  10:04  Drone x5  
  67  10:11  Ravager  
  67  10:12  Ravager x2  
  67  10:14  Zergling x6  
  73  10:20  Overlord  
  73  10:30  Drone x4  
  73  10:34  Zergling x4  
  79  10:37  Zergling x2  
  80  10:50  Roach  
  80  10:51  Roach x3  
  80  10:53  Drone  
  80  10:54  Drone  
  70  11:12  Zergling x4  
  70  11:13  Zergling x12  
  70  11:17  Drone x2  
  80  11:28  Zergling x2  
  80  11:29  Zergling x8  
  84  11:34  Ravager  
  84  11:36  Zergling x4  
  83  11:49  Drone x2  
  83  11:50  Drone x4  
  87  12:00  Drone x7  
  94  12:17  Overlord x3  
  94  12:20  Ravager  
  95  12:24  Zergling x12  
  100  12:41  Hatchery  
  99  12:48  Roach, Zergling x24  
  113  12:56  Ravager x2  
  113  12:57  Roach, Zergling x2  
  118  13:07  Zergling x10  
  118  13:11  Baneling x5  
  105  13:22  Zergling x4  
  105  13:23  Zergling x8  
  79  13:35  Roach, Zergling x6  
  80  13:42  Zergling x2  
  80  13:43  Zergling x2  
  80  13:45  Zergling x2  
  82  13:48  Queen  
  82  13:54  Roach  
  82  13:55  Roach  
  77  14:01  Roach x2  
  72  14:03  Queen x2  
  75  14:11  Ravager  
  75  14:13  Roach, Zergling x4  
  75  14:15  Baneling x8  
  79  14:18  Zergling x4  
  79  14:23  Overseer  
  81  14:24  Queen  
  81  14:25  Zergling x2  
  81  14:26  Zergling x2  
  85  14:35  Zergling x4  
  87  14:40  Baneling x4  
  87  14:41  Baneling, Zergling x4  
  89  14:50  Zergling x2  
  89  14:51  Roach x2, Zergling x6  
  97  14:55  Zergling x2  
  97  14:57  Zergling x2  
  99  15:00  Roach  
  101  15:12  Roach x6  
  112  15:15  Baneling x2  
  112  15:19  Zergling x6  
  115  15:22  Extractor  
  115  15:24  Extractor  
  113  15:38  Zergling x14  
  120  15:46  Baneling x10  
  120  15:47  Zergling x6  
  124  15:50  Zergling x2  
  124  15:55  Zergling x2  
  124  15:56  Zergling x16  
  132  16:03  Drone  
  133  16:04  Drone x3  
  136  16:16  Hatchery  
  122  16:22  Zergling x22  
  121  16:27  Zergling x2  
  121  16:28  Zergling x6  
Tags
 
Add a new tag
Caveats
  • Supply blocks, unpowered buildings, or Contaminate may cause inaccurate times.
  • Supply counts are checked every 10 seconds.